| TOP OF THE 1ST |
|
York Revolution batting - Pitching for Detroit Red Wings : RHP Jimmy Dean
|
|
Pitching: RHP Jimmy Dean
|
|
|
Batting: LHB Quincy Smart
|
0-0: Called Strike 0-1: Foul Ball, location: 2F 0-2: Strikes out swinging
|
|
Batting: RHB Dan Shaffer
|
0-0: Called Strike 0-1: Hit by Pitch
|
|
Batting: LHB Mike Hawk
|
0-0: Swinging Strike 0-1: Called Strike 0-2: Fly out, F9 (Flyball, 9, EV 91.9 MPH)
|
|
Batting: RHB Juan Gonzalez
|
0-0: Ball 1-0: Ball 2-0: Fielders Choice at 2nd, U4 (Groundball, 6MD, EV 108.1 MPH)
|
| Top of the 1st over - 0 runs, 0 hits, 0 errors, 1 left on base; York 0 - Detroit 0 |
| BOTTOM OF THE 1ST |
|
Detroit Red Wings batting - Pitching for York Revolution : RHP Jordan Lopez
|
|
Pitching: RHP Jordan Lopez
|
|
|
Batting: LHB Duda Pinho
|
0-0: Ball 1-0: Foul Ball, location: 2F 1-1: Ball 2-1: Called Strike 2-2: Fly out, F7 (Flyball, 78M, EV 86.9 MPH)
|
|
Batting: RHB Felipe Torres
|
0-0: Foul Ball, location: 2F 0-1: Swinging Strike 0-2: Ball 1-2: Ball 2-2: Ball 3-2: Strikes out swinging
|
|
Batting: RHB António Scarlett
|
0-0: Ball 1-0: Swinging Strike 1-1: Foul Ball, location: 2F 1-2: Strikes out swinging
|
| Bottom of the 1st over - 0 runs, 0 hits, 0 errors, 0 left on base; York 0 - Detroit 0 |
| TOP OF THE 2ND |
|
York Revolution batting - Pitching for Detroit Red Wings : RHP Jimmy Dean
|
|
Batting: RHB Alexis Graciani
|
0-0: Called Strike 0-1: Ball 1-1: Foul Ball, location: 2F 1-2: Ball 2-2: Ball 3-2: Strikes out swinging
|
|
Batting: LHB Cipto Pakpahan
|
0-0: Swinging Strike 0-1: Ball 1-1: Ball 2-1: Swinging Strike 2-2: Foul Ball, location: 2F 2-2: Foul Ball, location: 2F 2-2: Foul Ball, location: 2F 2-2: Strikes out swinging
|
|
Batting: LHB Skyler Bright
|
0-0: Called Strike 0-1: Swinging Strike 0-2: Foul Ball, location: 2F 0-2: Foul Ball, location: 2F 0-2: Strikes out swinging, 2-3 out at first.
|
| Top of the 2nd over - 0 runs, 0 hits, 0 errors, 0 left on base; York 0 - Detroit 0 |
| BOTTOM OF THE 2ND |
|
Detroit Red Wings batting - Pitching for York Revolution : RHP Jordan Lopez
|
|
Batting: SHB Bill Casal
|
0-0: Swinging Strike 0-1: Called Strike 0-2: Foul Ball, location: 2F 0-2: Strikes out swinging
|
|
Batting: RHB Carlos Avila
|
0-0: Foul Ball, location: 2F 0-1: Ball 1-1: Fly out, F8 (Flyball, 89D, EV 80.6 MPH)
|
|
Batting: LHB Manny Rangel
|
0-0: Ball 1-0: SINGLE (Line Drive, 8LS, EV 88.1 MPH)
|
|
Batting: RHB Jason LeBlanc
|
0-0: Ball 1-0: Foul Ball, location: 2F 1-1: Called Strike 1-2: Foul Ball, location: 2F 1-2: Strikes out swinging
|
| Bottom of the 2nd over - 0 runs, 1 hit, 0 errors, 1 left on base; York 0 - Detroit 0 |
| TOP OF THE 3RD |
|
York Revolution batting - Pitching for Detroit Red Wings : RHP Jimmy Dean
|
|
Batting: RHB Jonathan Steria
|
0-0: Called Strike 0-1: DOUBLE (Line Drive, 78XD, EV 106.2 MPH)
|
|
Batting: RHB Tim Schell
|
0-0: Ball 1-0: Ball 2-0: Fly out, F9 (Flyball, 89D, EV 94.4 MPH) Runner from 2nd tags up, SAFE at 3rd, no throw by RF
|
|
Batting: LHB Quincy Smart
|
0-0: Fly out, F7 (Flyball, 7D, EV 89.4 MPH) Runner from 3rd tags up, SCORES, no throw by LF
|
|
Batting: RHB Dan Shaffer
|
0-0: Called Strike 0-1: Foul Ball, location: 2F 0-2: Foul Ball, location: 2F 0-2: Fly out, F8 (Flyball, 8LD, EV 106.9 MPH)
|
| Top of the 3rd over - 1 run, 1 hit, 0 errors, 0 left on base; York 1 - Detroit 0 |
| BOTTOM OF THE 3RD |
|
Detroit Red Wings batting - Pitching for York Revolution : RHP Jordan Lopez
|
|
Batting: RHB Ian Johnson
|
0-0: Ball 1-0: Foul Ball, location: 2F 1-1: Foul Ball, location: 2F 1-2: Hit by Pitch
|
|
Batting: RHB Alejandro Tovar
|
0-0: Called Strike 0-1: Foul Ball, location: 2F 0-2: Ball 1-2: Fly out, F7 (Flyball, 7S, EV 87.5 MPH)
|
|
Batting: LHB Duda Pinho
|
0-0: Called Strike 0-1: Foul Ball, location: 2F 0-2: Strikes out swinging
|
|
Batting: RHB Felipe Torres
|
0-0: Ball 1-0: Called Strike 1-1: Called Strike 1-2: Ball 2-2: Fly out, F8 (Line Drive, 8LD, EV 89.4 MPH)
|
| Bottom of the 3rd over - 0 runs, 0 hits, 0 errors, 1 left on base; York 1 - Detroit 0 |
| TOP OF THE 4TH |
|
York Revolution batting - Pitching for Detroit Red Wings : RHP Jimmy Dean
|
|
Batting: LHB Mike Hawk
|
0-0: Ball 1-0: Swinging Strike 1-1: Swinging Strike 1-2: Ball 2-2: Fly out, F8 (Flyball, 8RM, EV 78.8 MPH)
|
|
Batting: RHB Juan Gonzalez
|
0-0: Called Strike 0-1: Swinging Strike 0-2: Ball 1-2: Foul Ball, location: 2F 1-2: Foul Ball, location: 2F 1-2: Foul Ball, location: 2F 1-2: Foul Ball, location: 2F 1-2: Ball 2-2: Strikes out swinging
|
|
Batting: RHB Alexis Graciani
|
0-0: Foul Ball, location: 2F 0-1: Swinging Strike 0-2: Ball 1-2: Strikes out looking
|
| Top of the 4th over - 0 runs, 0 hits, 0 errors, 0 left on base; York 1 - Detroit 0 |
| BOTTOM OF THE 4TH |
|
Detroit Red Wings batting - Pitching for York Revolution : RHP Jordan Lopez
|
|
Batting: RHB António Scarlett
|
0-0: Foul Ball, location: 2F 0-1: Ball 1-1: Foul Ball, location: 2F 1-2: Fly out, F4 (Popup, 13S, EV 80.0 MPH)
|
|
Batting: SHB Bill Casal
|
0-0: Called Strike 0-1: Swinging Strike 0-2: Ball 1-2: Foul Ball, location: 2F 1-2: Ball 2-2: Ball 3-2: SOLO HOME RUN (Flyball, 9D, EV 105.0 MPH), Distance : 390 ft
|
|
Batting: RHB Carlos Avila
|
0-0: Called Strike 0-1: Ball 1-1: Called Strike 1-2: SOLO HOME RUN (Flyball, 7D, EV 96.9 MPH), Distance : 392 ft
|
|
Batting: LHB Manny Rangel
|
0-0: Ball 1-0: Called Strike 1-1: Fly out, F7 (Flyball, 7D, EV 95.6 MPH)
|
|
Batting: RHB Jason LeBlanc
|
0-0: Called Strike 0-1: Swinging Strike 0-2: Foul Ball, location: 2F 0-2: Strikes out swinging
|
| Bottom of the 4th over - 2 runs, 2 hits, 0 errors, 0 left on base; York 1 - Detroit 2 |
| TOP OF THE 5TH |
|
York Revolution batting - Pitching for Detroit Red Wings : RHP Jimmy Dean
|
|
Batting: LHB Cipto Pakpahan
|
0-0: Ball 1-0: Ground out 4-3 (Groundball, 34, EV 98.8 MPH)
|
|
Batting: LHB Skyler Bright
|
0-0: Fly out, F8 (Line Drive, 8RD, EV 101.9 MPH)
|
|
Batting: RHB Jonathan Steria
|
0-0: Ball 1-0: Swinging Strike 1-1: Swinging Strike 1-2: Strikes out looking
|
| Top of the 5th over - 0 runs, 0 hits, 0 errors, 0 left on base; York 1 - Detroit 2 |
| BOTTOM OF THE 5TH |
|
Detroit Red Wings batting - Pitching for York Revolution : RHP Jordan Lopez
|
|
Batting: RHB Ian Johnson
|
0-0: SINGLE (Groundball, 6MS, EV 68.8 MPH) (infield hit)
|
|
Batting: RHB Alejandro Tovar
|
0-0: Called Strike 0-1: Ball 1-1: Ball 2-1: SINGLE (Flyball, 89S, EV 83.1 MPH) Ian Johnson to second
|
|
Batting: LHB Duda Pinho
|
0-0: Ball 1-0: Ball 2-0: Called Strike 2-1: Ball 3-1: Foul Ball, location: 2F 3-2: Strikes out swinging
|
|
Batting: RHB Felipe Torres
|
0-0: Ball 1-0: Ball 2-0: Ball 3-0: Called Strike 3-1: Foul Ball, location: 2F 3-2: Foul Ball, location: 2F 3-2: Foul Ball, location: 2F 3-2: Foul Ball, location: 2F 3-2: Base on Balls Ian Johnson to third Alejandro Tovar to second
|
|
Pitching: RHP A.J. Newman
|
|
|
Batting: RHB António Scarlett
|
0-0: Ball 1-0: Ball 2-0: Called Strike 2-1: Ball 3-1: Called Strike 3-2: Fielders Choice at 2nd, 4-6 (Groundball, 4, EV 81.9 MPH) Ian Johnson scores Alejandro Tovar to third
|
|
Batting: SHB Bill Casal
|
0-0: Ball 1-0: Foul Ball, location: 2F 1-1: Foul Ball, location: 2F 1-2: Foul Ball, location: 2F 1-2: Ball 2-2: Strikes out looking
|
| Bottom of the 5th over - 1 run, 2 hits, 0 errors, 2 left on base; York 1 - Detroit 3 |
| TOP OF THE 6TH |
|
York Revolution batting - Pitching for Detroit Red Wings : RHP Jimmy Dean
|
|
Batting: RHB Tim Schell
|
0-0: Ball 1-0: Called Strike 1-1: SINGLE (Line Drive, 89S, EV 109.4 MPH)
|
|
Batting: LHB Quincy Smart
|
0-0: Ball 1-0: Ball 2-0: Called Strike 2-1: Ball 3-1: Foul Ball, location: 2F 3-2: Strikes out swinging
|
|
Batting: RHB Dan Shaffer
|
0-0: Called Strike 0-1: Ball 1-1: Swinging Strike 1-2: SINGLE (Groundball, 6MD, EV 97.5 MPH) Tim Schell to second
|
|
Batting: LHB Mike Hawk
|
0-0: Fly out, F7 (Flyball, 7S, EV 80.0 MPH)
|
|
Batting: RHB Juan Gonzalez
|
0-0: Called Strike 0-1: Fly out, F8 (Flyball, 89D, EV 102.5 MPH)
|
| Top of the 6th over - 0 runs, 2 hits, 0 errors, 2 left on base; York 1 - Detroit 3 |
| BOTTOM OF THE 6TH |
|
Detroit Red Wings batting - Pitching for York Revolution : RHP A.J. Newman
|
|
Batting: RHB Carlos Avila
|
0-0: Ground out 6-3 (Groundball, 56, EV 89.4 MPH)
|
|
Batting: LHB Manny Rangel
|
0-0: Foul Ball, location: 2F 0-1: Fly out, F8 (Line Drive, 8RD, EV 83.8 MPH)
|
|
Batting: RHB Jason LeBlanc
|
0-0: Called Strike 0-1: Ball 1-1: Ball 2-1: Ball 3-1: Base on Balls
|
|
Batting: RHB Ian Johnson
|
0-0: Swinging Strike 0-1: Fly out, F8 (Flyball, 8LD, EV 105.0 MPH)
|
| Bottom of the 6th over - 0 runs, 0 hits, 0 errors, 1 left on base; York 1 - Detroit 3 |
| TOP OF THE 7TH |
|
York Revolution batting - Pitching for Detroit Red Wings : RHP Jimmy Dean
|
|
Batting: RHB Alexis Graciani
|
0-0: Called Strike 0-1: Foul Ball, location: 2F 0-2: Strikes out swinging, 2-3 out at first.
|
|
Batting: LHB Cipto Pakpahan
|
0-0: Ball 1-0: Called Strike 1-1: Swinging Strike 1-2: Ball 2-2: Fly out, F8 (Line Drive, 8RS, EV 93.8 MPH)
|
|
Batting: LHB Skyler Bright
|
0-0: Foul Ball, location: 2F 0-1: Ball 1-1: Ground out 6-3 (Groundball, 4MD, EV 108.8 MPH)
|
| Top of the 7th over - 0 runs, 0 hits, 0 errors, 0 left on base; York 1 - Detroit 3 |
| BOTTOM OF THE 7TH |
|
Detroit Red Wings batting - Pitching for York Revolution : RHP A.J. Newman
|
|
Batting: RHB Alejandro Tovar
|
0-0: Called Strike 0-1: Foul Ball, location: 2F 0-2: Foul Ball, location: 2F 0-2: Ball 1-2: Foul Ball, location: 2F 1-2: Strikes out swinging
|
|
Batting: LHB Duda Pinho
|
0-0: Called Strike 0-1: Fly out, F7 (Flyball, 78S, EV 83.8 MPH)
|
|
Batting: RHB Felipe Torres
|
0-0: Called Strike 0-1: Swinging Strike 0-2: Reached on error, E4 (Groundball, 4, EV 98.1 MPH)
|
|
Batting: RHB António Scarlett
|
0-0: Ball 1-0: Ball 2-0: Ball Passed Ball! Felipe Torres to third 3-0: Called Strike 3-1: Base on Balls
|
|
Batting: SHB Bill Casal
|
0-0: Ball 1-0: Foul Ball, location: 2F 1-1: Ball 2-1: Foul Ball, location: 2F 2-2: Ball 3-2: SINGLE (Groundball, 34D, EV 104.4 MPH) Felipe Torres scores António Scarlett to second António Scarlett to third
|
|
Pitching: LHP Carlton Hookway
|
|
|
Batting: RHB Carlos Avila
|
0-0: Ball 1-0: Fly out, F9 (Flyball, 9, EV 90.6 MPH)
|
| Bottom of the 7th over - 1 run, 1 hit, 1 error, 2 left on base; York 1 - Detroit 4 |
| TOP OF THE 8TH |
|
York Revolution batting - Pitching for Detroit Red Wings : RHP Jimmy Dean
|
|
Batting: RHB Jonathan Steria
|
0-0: Ball 1-0: Ball 2-0: Called Strike 2-1: Ball 3-1: Base on Balls
|
|
Batting: RHB Tim Schell
|
0-0: Called Strike 0-1: Called Strike 0-2: Strikes out looking
|
|
Batting: LHB Quincy Smart
|
0-0: Ball 1-0: Ball 2-0: SINGLE (Groundball, 34D, EV 103.1 MPH) Jonathan Steria to second Runner from 2nd tries for 3rd, SAFE, throw by RF made to third
|
|
Batting: RHB Dan Shaffer
|
0-0: Ball 1-0: Swinging Strike 1-1: Ball 2-1: Swinging Strike 2-2: Ball 3-2: Base on Balls Quincy Smart to second
|
|
Pitching: RHP Sean Arnold
|
|
|
Batting: LHB Mike Hawk
|
0-0: Called Strike 0-1: Foul Ball, location: 2F 0-2: Ball 1-2: Ball 2-2: Foul Ball, location: 2F 2-2: Foul Ball, location: 2F 2-2: Strikes out swinging
|
|
Batting: RHB Juan Gonzalez
|
0-0: Foul Ball, location: 2F 0-1: Fly out, F9 (Flyball, 89M, EV 90.6 MPH)
|
| Top of the 8th over - 0 runs, 1 hit, 0 errors, 3 left on base; York 1 - Detroit 4 |
| BOTTOM OF THE 8TH |
|
Detroit Red Wings batting - Pitching for York Revolution : LHP Carlton Hookway
|
|
Batting: LHB Manny Rangel
|
0-0: Foul Ball, location: 2F 0-1: Swinging Strike 0-2: Foul Ball, location: 2F 0-2: Ball 1-2: Strikes out swinging
|
|
Batting: RHB Jason LeBlanc
|
0-0: Foul Ball, location: 2F 0-1: Ball 1-1: Ball 2-1: Foul Ball, location: 2F 2-2: Strikes out looking
|
|
Batting: RHB Ian Johnson
|
0-0: Ball 1-0: SINGLE (Line Drive, 8LS, EV 95.6 MPH)
|
|
Batting: RHB Alejandro Tovar
|
0-0: Ball 1-0: Swinging Strike 1-1: Swinging Strike 1-2: Strikes out swinging
|
| Bottom of the 8th over - 0 runs, 1 hit, 0 errors, 1 left on base; York 1 - Detroit 4 |
| TOP OF THE 9TH |
|
York Revolution batting - Pitching for Detroit Red Wings : RHP Sean Arnold
|
|
Batting: RHB Alexis Graciani
|
0-0: Ball 1-0: Ball 2-0: Ball 3-0: Called Strike 3-1: Base on Balls
|
|
Batting: LHB Cipto Pakpahan
|
0-0: SINGLE (Groundball, 34D, EV 103.8 MPH) Alexis Graciani to second
|
|
Batting: LHB Skyler Bright
|
0-0: Foul Ball, location: 2F 0-1: Ball 1-1: Swinging Strike 1-2: Strikes out looking
|
|
Batting: RHB Jonathan Steria
|
0-0: Fielders Choice at 2nd, 5-4 (Groundball, 56S, EV 82.5 MPH) Alexis Graciani to third
|
|
Pinch Hitting: RHB Josh Jarvis
|
0-0: Foul Ball, location: 2F 0-1: SINGLE (Line Drive, 4D, EV 101.2 MPH) Alexis Graciani scores Jonathan Steria to second
|
|
Batting: LHB Quincy Smart
|
0-0: Called Strike 0-1: Swinging Strike 0-2: Strikes out swinging
|
| Top of the 9th over - 1 run, 2 hits, 0 errors, 2 left on base; York 2 - Detroit 4 |
|